 Dungeon Crawl Stone Soup version 0.29.1-2-gbd0b4ee654 (webtiles) character file.

Game seed: 11866507971700190800

243 Icepheonix32 the Changer (level 6, -5/38 HPs)
             Began as an Octopode Transmuter on Nov 18, 2022.
             Slain by Crazy Yiuf
             ... wielding a +4 quarterstaff of chaos
              (16 damage)
             ... on level 3 of the Dungeon.
             The game lasted 00:03:52 (3693 turns).

Icepheonix32 the Changer (Octopode Transmuter)      Turns: 3693, Time: 00:03:52

Health: -5/38      AC:  1    Str:  9    XL:     6   Next: 9%
Magic:  3/9        EV: 13    Int: 18    God:
Gold:   124        SH:  0    Dex: 12    Spells: 3/9 levels left

rFire   . . .      SeeInvis .     - Unarmed
rCold   . . .      Faith    .   (no shield)
rNeg    . . .      Spirit   .   (helmet restricted)
rPois   .          Reflect  .   (no amulet)
rElec   .          Harm     .   (no ring)
rCorr   .          Rampage  .   (no ring)
Will    .....                   (no ring)
Stlth   ++........              (no ring)
HPRegen 0.12/turn               (no ring)
MPRegen 0.11/turn               (no ring)
                                (no ring)
                                (no ring)

@: lethally poisoned (-5 -> -17)
A: almost no armour, amphibious, 8 rings, camouflage 1, gelatinous body 1,
(nimble swimmer 1), tentacles
a: no special abilities


You were on level 3 of the Dungeon.
You visited 1 branch of the dungeon, and saw 3 of its levels.

You collected 124 gold pieces.

Inventory:

Hand Weapons
 m - a +4 hammer
Scrolls
 i - a scroll of blinking {unknown}
 j - a scroll of teleportation
 k - a scroll of brand weapon {unknown}
 l - a scroll of torment {unknown}
Potions
 a - a potion of brilliance {unknown}
 b - a potion of cancellation
 c - a potion of haste
 d - 2 potions of heal wounds {unknown}
 e - 3 potions of attraction {unknown}
 g - a potion of flight
 h - a potion of magic {unknown}


   Skills:
 - Level 1.0 Fighting
 - Level 2.0 Dodging
 - Level 3.0 Unarmed Combat
 - Level 2.0 Spellcasting
 + Level 6.2 Transmutations


You had 3 spell levels left.
You knew the following spells:

 Your Spells              Type           Power      Damage    Failure   Level
a - Beastly Appendage     Tmut           48%        N/A       1%          1
b - Spider Form           Tmut/Pois      13%        N/A       16%         3
c - Wereblood             Tmut           24%        N/A       2%          2

Your spell library contained the following spells:

 Spells                   Type           Power      Damage    Failure   Level
 Ice Form                 Ice/Tmut       13%        N/A       45%         4
 Cause Fear               Hex            0%         N/A       87%         4
 Dragon Form              Tmut           12%        N/A       100%        7
 Dragon's Call            Summ           0%         N/A       100%        9


Dungeon Overview and Level Annotations

Branches:
Dungeon (3/15)

Altars:
Xom

Annotations:
D:3 Crazy Yiuf


Innate Abilities, Weirdness & Mutations

You cannot wear most types of armour.
You are amphibious.
You can wear up to eight rings at the same time.
Your skin changes colour to match your surroundings (Stealth+).
Your rubbery body absorbs attacks. (AC +1, EV +1)
((You are camouflaged when in or above water. (Stealth+)))
You have tentacles for arms and can constrict up to eight enemies at once.


Message History

You miscast Spider Form.
You are very lightly contaminated with residual magic.
Nothing appears to happen.
Crazy Yiuf yells, "Action!"
Unknown command.
Casting: Spider Form (quite dangerous; 16% risk of failure)
Confirm with . or Enter, or press ? or * to list all spells.
The spell is quite dangerous to miscast (16% risk of failure)!
Continue anyway?
You miscast Spider Form.
Nothing appears to happen.
Unknown command.
You closely miss Crazy Yiuf. Your grab misses Crazy Yiuf.
You squeeze Crazy Yiuf.
Crazy Yiuf is lightly wounded.
Crazy Yiuf laughs, "Papa chair down!"
Crazy Yiuf hits you with a +4 quarterstaff of chaos!
You barely miss Crazy Yiuf. You grab Crazy Yiuf.
Crazy Yiuf is lightly wounded.
You constrict Crazy Yiuf. Crazy Yiuf closely misses you.
Unknown command.
As you read the scroll labelled HARIAC JEVACS, it crumbles to dust.
You feel strangely unstable.
It was a scroll of teleportation.
You constrict Crazy Yiuf.
Crazy Yiuf hits you with a +4 quarterstaff of chaos!
You are lethally poisoned!
Unknown command.
You feel very mighty all of a sudden.
You constrict Crazy Yiuf.
You feel very sick. Crazy Yiuf misses you.
It was a potion of cancellation.
You feel strangely stable.
Your magical effects are unravelling.
You feel magically purged.
Your magical contamination has completely faded away.
You feel a little less mighty now.
You constrict Crazy Yiuf.
* * * LOW HITPOINT WARNING * * *
You feel very sick.
Crazy Yiuf hits you with a +4 quarterstaff of chaos!
You die...

#..####)).)###...........
#.## #))))# #....##.....
#..# #))P)# #.....#....#
#### ##PP.# #..##.......
##.## #..#######.. ##.#
#..# #.. #.## #..# #..
##.# #..#######.. #@##
#........#.. #g#
##.......#.. ..^
#........#.. #...#
#........#.. #)..#
#..#######.. ##### #..#
#.. #..# #.. ########..##
#.. ####..........# #>[


You could see Crazy Yiuf.

Vanquished Creatures
  Sigmund (D:2)
  3 adders
  3 worms
  A dart slug (D:2)
  An orc (D:3)
  9 bats
  5 endoplasms
  A giant cockroach (D:2)
  4 goblins
  6 hobgoblins
  A quokka (D:2)
  4 ball pythons
  A frilled lizard (D:2)
  5 kobolds
  3 rats
48 creatures vanquished.

Notes
Turn   | Place    | Note
-------+----------+-------------------------------------------
     0 | D:1      | Icepheonix32 the Octopode Transmuter began the quest for
                  | the Orb.
     0 | D:1      | Reached XP level 1. HP: 13/13 MP: 3/3
   276 | D:1      | Reached XP level 2. HP: 11/18 MP: 3/5
   397 | D:1      | Found Ewireruge's Antique Weapon Shoppe.
   475 | D:1      | Found a faded altar of an unknown god.
   652 | D:2      | Reached skill level 3 in Transmutations
   795 | D:2      | Reached XP level 3. HP: 18/23 MP: 4/6
  1382 | D:1      | Reached skill level 4 in Transmutations
  1556 | D:1      | Learned a level 3 spell: Spider Form
  1559 | D:1      | Learned a level 2 spell: Wereblood
  1719 | D:2      | Reached XP level 4. HP: 17/28 MP: 7/7
  2110 | D:2      | Noticed Sigmund
  2171 | D:2      | Killed Sigmund
  2172 | D:2      | Reached skill level 6 in Transmutations
  2172 | D:2      | Reached XP level 5. HP: 9/33 MP: 8/8
  2172 | D:2      | Reached XP level 6. HP: 10/38 MP: 9/9
  2179 | D:2      | HP: 2/57 [poisoned by Sigmund]
  3303 | D:3      | Found a runed translucent door.
  3375 | D:3      | Found a shimmering altar of Xom.
  3683 | D:3      | Noticed Crazy Yiuf
  3693 | D:3      | Slain by Crazy Yiuf

Illustrated notes

Levels and vault maps discovered:
D:1:      lemuel_arrival_tunnels, layout_rooms, serial_shops,
          nicolae_shop_hallway_stairs,
          hellmonk_ecumenical_altar_pennies_from_heaven
D:2:      layout_rooms, eino_tiny_chamber, uniq_sigmund
D:3:      layout_rooms, brannock_xom_greatest_gift, serial_co_window_serial,
          co_window_paths_b, co_window_paths_a, co_window_of_opportunity_a,
          co_window_paths_b, co_window_corner_a, co_window_of_opportunity_a,
          co_window_unsneaky_path_d, co_window_cross_4,
          co_window_unsneaky_path_b, co_window_corner_b, co_window_4corner_a,
          glass_columns_a, glass_columns_a, glass_columns_a, nrook_campfire,
          minmay_pentomino_pile, uniq_crazy_yiuf_cottage

Skill      XL: |  1  2  3  4 |
---------------+-------------+-----
Transmutations | 3 4 6 |  6.2
Fighting       | |  1.0
Dodging        | |  2.0
Unarmed Combat | |  3.0
Spellcasting   | |  2.0

Action                   |  1- 3 |  4- 6 || total
-------------------------+-------+-------++-------
Melee: Unarmed           |    75 |    40 ||   115
       Constrict         |    20 |     7 ||    27
       Kick              |    18 |    11 ||    29
       Tentacles         |    11 |     7 ||    18
       Punch             |     2 |     3 ||     5
 Cast: Beastly Appendage |    18 |     8 ||    26
  Use: Scroll            |     2 |     4 ||     6
       Potion            |       |     3 ||     3
 Stab: Sleeping          |     1 |     5 ||     6
Armor: Skin              |    15 |     1 ||    16
Dodge: Dodged            |    56 |    15 ||    71
